 Dungeon Crawl Stone Soup version 0.17-a0-2027-gcac42c4 (webtiles) character file.

521 maniek23 the Sneak (level 7, -14/47 HPs)
             Began as a Vampire Enchanter on Oct 10, 2015.
             Demolished by Prince Ribbit (17 damage)
             ... on level 5 of the Dungeon.
             The game lasted 00:10:56 (4014 turns).

maniek23 the Sneak (Vampire Enchanter)              Turns: 4014, Time: 00:10:56

Health: -14/47     AC:  3    Str: 11    XL:     7   Next: 1%
Magic:  2/11       EV: 11    Int: 17    God:
Gold:   316        SH:  0    Dex: 16    Spells: 4 memorised, 3 levels left

rFire  . . .     SeeInvis +     a - +1 dagger
rCold  . . .     Clarity  .     b - +1 robe
rNeg   . . .     SustAt   .     (no shield)
rPois  .         Gourm    .     (no helmet)
rElec  .         Spirit   .     (no cloak)
rCorr  .         Warding  .     (no gloves)
rMut   .         Stasis   .     (no boots)
MR     .....                    (no amulet)
Stlth  ++++......               p - +3 ring of strength
                                o - -3 ring of evasion (curse)

@: regenerating quickly, not resistant to hostile enchantments, stealthy
A: fangs 3, see invisible, unbreathing
a: no special abilities


You were on level 5 of the Dungeon.
You were full.

You visited 1 branch of the dungeon, and saw 5 of its levels.

You collected 316 gold pieces.

Inventory:

Hand Weapons
 a - a +1 dagger (weapon)
 h - a +0 rapier
 j - a +1 dagger of venom
Armour
 b - a +1 robe (worn)
Jewellery
 o - a cursed -3 ring of evasion (left hand)
 p - a +3 ring of strength (right hand)
 s - a +3 ring of intelligence
 v - an uncursed ring of magical power {unknown}
 x - an uncursed ring of protection from cold {unknown}
Scrolls
 q - 3 scrolls of teleportation
 t - 3 scrolls of identify
 u - a scroll of fear {unknown}
Potions
 d - 10 potions of blood
 e - 3 potions of curing
 f - a potion of brilliance {unknown}
 g - 4 potions of haste {unknown}
 i - a potion of degeneration {unknown}
 k - a potion of flight {unknown}
 l - a potion of agility {unknown}
 m - 2 potions of magic
 r - 3 potions of heal wounds
 w - a potion of mutation {unknown}
 z - a potion of beneficial mutation {unknown}
Books
 c - a book of Maledictions

   Spells                             Type                      Level
   a - Corona                         Hexes                        1
   b - Ensorcelled Hibernation        Hexes/Ice                    2
   c - Confuse                        Hexes                        3
   d - Tukima's Dance                 Hexes                        3
   e - Dazzling Spray                 Conjuration/Hexes            3
 n - a book of Geomancy

   Spells                             Type                      Level
   a - Sandblast                      Earth                        1
   b - Stoneskin                      Transmutation/Earth          2
   c - Passwall                       Transmutation/Earth          3
   d - Stone Arrow                    Conjuration/Earth            3
   e - Petrify                        Transmutation/Earth          4
   f - Lee's Rapid Deconstruction     Earth                        5


   Skills:
 - Level 0.6 Fighting
 * Level 3.7 Short Blades
 + Level 4.0 Dodging
 + Level 7.5 Stealth
 + Level 3.1 Spellcasting
 + Level 6.2 Hexes


You had 3 spell levels left.
You knew the following spells:

 Your Spells              Type           Power        Failure   Level  Hunger
a - Corona                Hex            ###....      1%          1    None
b - Ensorcelled Hibernat  Hex/Ice        ##....       10%         2    ##.....
c - Confuse               Hex            ###.....     6%          3    ###....
d - Tukima's Dance        Hex            ###.....     6%          3    ###....


Dungeon Overview and Level Annotations

Branches:
Dungeon (5/15)
 Temple: D:4-7

Altars:
Gozag
Qazlal
Ru

Shops:
D:4 =[

Annotations:
D:5 Prince Ribbit


Innate Abilities, Weirdness & Mutations

Your natural rate of healing is unusually fast.
You have razor-sharp teeth.
You have supernaturally acute eyesight.
You can survive without breathing.


Message History

Prince Ribbit easily resists.
Prince Ribbit hits you!
* * * LOW HITPOINT WARNING * * *
The goblin hits you but does no damage.
Prince Ribbit blinks!
The goblin hits you but does no damage. The goblin hits you but does no damage.
Prince Ribbit blinks!
Sorry, you're too full to transform right now.
Firing (i - inventory): No suitable missiles.
Press: ? - help, Shift-Dir - straight line, f/p - Prince Ribbit
Aim: Prince Ribbit
Okay, then.
Sorry, you're too full to transform right now.
Prince Ribbit catches a centipede with his tongue.
Prince Ribbit catches a millipede with his tongue.
You open the door. The goblin completely misses you. Prince Ribbit hits you!
* * * LOW HITPOINT WARNING * * *
There is an open door, spattered with blood here.
Prince Ribbit hits you!
You die...

...#.g.#............#
#.......#............'
###._.###.............
....b..#.............
#.l.#...#.............
#...#...#.............
#.+#######'............#
#........b.......%.....#
#......@Fg..............
#######.................
#.........###'##.#
#.........###.###.
#.......).#.....##
#.........#.#.####
#.........#.._..#.
#############.#.#.
#.....#.


You could see Prince Ribbit, a goblin and a bat.

Vanquished Creatures
  Eustachio (D:4)
  An ogre (D:4)
  A hound (D:4)
  A jelly (D:5)
  Jessica (D:2)
  Terence (D:2)
  An iguana (D:5)
  Natasha (twice) (D:4)
  3 adders
  2 oozes
  4 worms
  2 giant geckos
  An orc (D:3)
  6 bats
  7 goblins
  8 hobgoblins
  11 jackals
  2 quokkas
  4 giant cockroaches
  A giant gecko skeleton (D:4)
  4 giant newts
  5 kobolds
  8 rats
77 creatures vanquished.

Vanquished Creatures (others)
  A plant (D:4)
1 creature vanquished.

Grand Total: 78 creatures vanquished

Notes
Turn   | Place    | Note
--------------------------------------------------------------
     0 | D:1      | maniek23 the Vampire Enchanter began the quest for the Orb.
     0 | D:1      | Reached XP level 1. HP: 13/13 MP: 3/3
   438 | D:1      | Reached XP level 2. HP: 19/19 MP: 5/5
   576 | D:1      | Reached skill level 5 in Hexes
   673 | D:1      | Reached skill level 5 in Stealth
  1108 | D:2      | Reached XP level 3. HP: 10/24 MP: 6/6
  1164 | D:2      | Learned a level 2 spell: Ensorcelled Hibernation
  1275 | D:2      | Noticed Terence
  1279 | D:2      | HP: 1/24 [Terence/flail of holy wrath (13)]
  1280 | D:2      | Killed Terence
  1280 | D:2      | Reached skill level 6 in Stealth
  1445 | D:2      | Reached XP level 4. HP: 31/31 MP: 7/7
  1780 | D:2      | Noticed Jessica
  1788 | D:2      | Killed Jessica
  2642 | D:4      | Noticed Eustachio
  2663 | D:4      | Killed Eustachio
  2663 | D:4      | Reached skill level 7 in Stealth
  2663 | D:4      | Reached XP level 5. HP: 17/36 MP: 6/8
  2663 | D:4      | Reached XP level 6. HP: 19/42 MP: 6/9
  2893 | D:4      | Found Gykasemi's Jewellery Boutique.
  2919 | D:4      | Found Ulerosie's Antique Armour Boutique.
  2926 | D:4      | Noticed Natasha
  2940 | D:4      | Killed Natasha
  2964 | D:4      | Noticed an ogre
  2979 | D:4      | Killed an ogre
  3005 | D:4      | Learned a level 3 spell: Confuse
  3024 | D:4      | Learned a level 3 spell: Tukima's Dance
  3104 | D:4      | Noticed Natasha
  3128 | D:4      | Killed Natasha
  3414 | D:5      | Entered Level 5 of the Dungeon
  3531 | D:5      | Reached XP level 7. HP: 17/47 MP: 8/11
  3556 | D:5      | Found a stormy altar of Qazlal.
  3943 | D:5      | Found an opulent altar of Gozag.
  3987 | D:5      | Found a sacrificial altar of Ru.
  3988 | D:5      | Noticed Prince Ribbit
  4014 | D:5      | Demolished by Prince Ribbit

Vault maps used:
D:1:      shiori_arrival_elements, minmay_cupped
D:2:      uniq_terence, uniq_jessica
D:3:      first_bread
D:4:      serial_shops, shop_statue, shop, serial_bayou_lagoon_a,
          uniq_eustachio, uniq_natasha
D:5:      led_sif_book, nicolae_ru_great_annihilating_truth, old_standard_altar,
          kennysheep_diamond, nicolae_gozag_cash_rules_everything_around_me,
          uniq_crazy_yiuf_cottage, uniq_prince_ribbit1

Action                   |  1- 3 |  4- 6 |  7- 9 || total
-------------------------+-------+-------+-------++-------
Melee: Dagger            |    86 |   165 |    19 ||   270
 Cast: Corona            |     1 |       |       ||     1
       Ensorcelled Hiber |     1 |    26 |     1 ||    28
       Confuse           |       |       |     3 ||     3
  Use: Scroll            |       |     7 |       ||     7
 Stab: Sleeping          |    11 |    23 |       ||    34
       Distracted        |       |     1 |       ||     1
  Eat: Corpse            |     9 |    11 |     2 ||    22
